 Dungeon Crawl Stone Soup version 0.29.0-11-gd7f09526c8 (webtiles) character file.

Game seed: 13890811647089664563

303 SensoryNuts the Cudgeller (level 6, 0/61 HPs)
             Began as a Troll Fighter on Sept 6, 2022.
             Slain by a river rat (2 damage)
             ... summoned by Eustachio
             ... on level 4 of the Dungeon.
             The game lasted 00:03:18 (2812 turns).

SensoryNuts the Cudgeller (Troll Fighter)           Turns: 2812, Time: 00:03:18

Health: 0/61       AC:  5    Str: 27      XL:     6   Next: 15%
Magic:  5/5        EV: 10    Int:  4      God:
Gold:   156        SH:  0    Dex:  8 (9)  Spells: 5/5 levels left

rFire   . . .      SeeInvis .   a - +0 flail
rCold   . . .      Faith    .   (no shield)
rNeg    . . .      Spirit   .   b - +0 robe
rPois   .          Reflect  .   (helmet restricted)
rElec   .          Harm     .   l - +0 cloak
rCorr   .          Rampage  .   (gloves unavailable)
Will    .....                   (boots unavailable)
Stlth   +.........              (no amulet)
HPRegen 1.00/turn               (no ring)
MPRegen 0.09/turn               (no ring)

@: no status effects
A: large, unfitting armour, claws 3, regeneration 1, shaggy fur 1, tough skin 1
a: no special abilities


You were on level 4 of the Dungeon.
You visited 1 branch of the dungeon, and saw 4 of its levels.

You collected 156 gold pieces.

Inventory:

Hand Weapons
 a - a +0 flail (weapon)
Armour
 b - a +0 robe (worn)
 c - a +1 kite shield
 l - a +0 cloak (worn)
Jewellery
 g - a +6 ring of intelligence
Wands
 f - a wand of iceblast (9)
 h - a wand of flame (12)
Scrolls
 d - a scroll of enchant weapon {unknown}
 i - a scroll of identify {unknown}
 k - a scroll of fear {unknown}
Potions
 j - a potion of cancellation
 s - 2 potions of lignification


   Skills:
 + Level 3.1 Fighting
 * Level 4.7 Maces & Flails
 + Level 3.0 Dodging
 + Level 0.1 Stealth
 + Level 3.1 Shields


You had 5 spell levels left.
You didn't know any spells.
Your spell library contained the following spells:

 Spells                   Type           Power      Damage    Failure   Level
 Foxfire                  Conj/Fire      0%         2x1d4     50%         1
 Conjure Flame            Conj/Fire      0%         6-21      86%         3
 Inner Flame              Hex/Fire       0%         N/A       86%         3
 Flame Wave               Conj/Fire      0%         2d4       99%         4


Dungeon Overview and Level Annotations

Branches:
Dungeon (4/15)
 Temple: D:4-7

Altars:
Kikubaaqudgha

Shops:
D:3 =

Annotations:
D:4 Eustachio


Innate Abilities, Weirdness & Mutations

You are too large for most types of armour.
You have claws for hands.
Your natural rate of healing is unusually fast.
You are covered in fur. (AC +1)
You have tough skin. (AC +1)


Message History

Eustachio is heavily wounded.
The ufetubus hits you but does no damage.
The ufetubus hits you.
* * * LOW HITPOINT WARNING * * *
The quasit misses you. The quasit barely misses you. x2
Eustachio barely misses you. The river rat bites you.
* * * LOW HITPOINT WARNING * * *
The ufetubus hits you but does no damage. x2
The river rat bites you but does no damage.
The quasit closely misses you.
The quasit claws you but does no damage.
The quasit closely misses you. Eustachio barely misses you.
You sock Eustachio!
Eustachio is almost dead.
The quasit disappears in a puff of smoke!
The ufetubus hits you but does no damage.
The ufetubus misses you. The river rat misses you.
The river rat bites you but does no damage.
The ufetubus closely misses you.
The ufetubus hits you but does no damage.
Eustachio closely misses you. The river rat bites you.
* * * LOW HITPOINT WARNING * * *
You hit Eustachio.
Eustachio is almost dead.
The ufetubus hits you.
* * * LOW HITPOINT WARNING * * *
The ufetubus hits you but does no damage.
The white imp hits you.
* * * LOW HITPOINT WARNING * * *
The white imp freezes you.
* * * LOW HITPOINT WARNING * * *
The river rat barely misses you. Eustachio closely misses you.
The ufetubus closely misses you. x2; The river rat barely misses you.
You hit Eustachio but do no damage.
Eustachio is almost dead.
The ufetubus barely misses you. The ufetubus hits you.
* * * LOW HITPOINT WARNING * * *
The white imp hits you but does no damage.
The river rat bites you.
You die...

### ##.# . ###
##..### ...
#.####..r5.#.....
###.#..#.@@r.......
#........##5.......
###....####.......#
###...# ###....##
### #.....####
..#.# #.#
##.......#. .## .#
###.## ##........ .
# #....####.....##.
. ##....#.##....##


You could see Eustachio, 2 river rats, a white imp (summoned) and an ufetubus
(summoned).

Vanquished Creatures
  An orc priest (D:3)
  Crazy Yiuf (D:3)
  An iguana (D:3)
  9 gnolls
  3 river rats (D:3)
  2 adders
  3 worms (D:2)
  4 dart slugs
  5 orcs (D:3)
  4 endoplasms
  2 giant cockroaches
  3 goblins
  4 hobgoblins
  4 jackals (D:3)
  4 kobolds
  4 quokkas
  8 ball pythons
  3 bats (D:2)
  5 frilled lizards
  6 rats
76 creatures vanquished.

Vanquished Creatures (others)
  A fungus (D:3)
1 creature vanquished.

Grand Total: 77 creatures vanquished

Notes
Turn   | Place    | Note
-------+----------+-------------------------------------------
     0 | D:1      | SensoryNuts the Troll Fighter began the quest for the Orb.
     0 | D:1      | Reached XP level 1. HP: 22/22 MP: 0/0
    84 | D:1      | Found a faded altar of an unknown god.
   138 | D:1      | Reached skill level 2 in Maces & Flails
   138 | D:1      | Reached XP level 2. HP: 29/29 MP: 1/1
   252 | D:1      | You fall into a shaft and drop 1 floor!
   626 | D:2      | Reached XP level 3. HP: 36/36 MP: 2/2
   842 | D:2      | Reached skill level 3 in Maces & Flails
   842 | D:2      | Reached XP level 4. HP: 8/44 MP: 3/3
  1582 | D:3      | Found an ancient bone altar of Kikubaaqudgha.
  1636 | D:3      | Found Vide's Jewellery Emporium.
  1753 | D:3      | Reached XP level 5. HP: 38/53 MP: 4/4
  1793 | D:3      | Reached skill level 4 in Maces & Flails
  1820 | D:3      | Found a runed translucent door.
  1821 | D:3      | Noticed Crazy Yiuf
  2436 | D:3      | Reached XP level 6. HP: 37/61 MP: 5/5
  2614 | D:3      | Killed Crazy Yiuf
  2793 | D:4      | Noticed Eustachio
  2811 | D:4      | HP: 3/61 [white imp[Eustachio] (4)]
  2812 | D:4      | Slain by a river rat

Illustrated notes

Levels and vault maps discovered:
D:1:      tarquinn_simple_flora_water_b, layout_basic,
          ebering_ecumenical_altar_sacrificial
D:2:      wander_river, layout_rooms
D:3:      layout_loops_ring, nicolae_kikubaaqudgha_miasma_corner,
          portal_sewer_entry_e, serial_shops, shop, grunt_decor_mini_mirrors,
          uniq_crazy_yiuf_cottage
D:4:      layout_cave_pools, st_stairs_2, uniq_natasha, uniq_edmund,
          uniq_eustachio

Skill      XL: |  1  2  3  4  5 |
---------------+----------------+-----
Maces & Flails | 2 3 4 |  4.7
Shields        | 3 |  3.1
Fighting       | 3 |  3.1
Dodging        | 3 |  3.0
Stealth        | |  0.1

Action                   |  1- 3 |  4- 6 || total
-------------------------+-------+-------++-------
Melee: Flail             |   107 |   172 ||   279
       Punch             |       |     1 ||     1
  Use: Potion            |     8 |     4 ||    12
       Scroll            |       |     8 ||     8
Armor: Robe              |    37 |    90 ||   127
       Skin              |    41 |     7 ||    48
Dodge: Dodged            |    42 |   154 ||   196
Block: Kite shield       |    70 |     3 ||    73
